 Dungeon Crawl Stone Soup version 0.21.1-1-g345015f (webtiles) character file.

10928 troglodite the Carver (level 11, -13/87 HPs)
             Began as a Demonspawn Berserker on Mar 12, 2018.
             Was an Elder of Trog.
             Mangled by a sun demon (19 damage)
             ... summoned by an orc high priest
             ... on level 11 of the Dungeon.
             The game lasted 00:44:03 (9714 turns).

troglodite the Carver (Demonspawn Berserker)        Turns: 9714, Time: 00:44:04

Health: -13/87     AC: 10    Str: 24    XL:     11   Next: 42%
Magic:  11/11      EV: 10    Int:  8    God:    Trog [****..]
Gold:   595        SH: 14    Dex: 15    Spells: 10/10 levels left

rFire    . . .     SeeInvis .   E - +2 double sword (elec)
rCold    . . .     Gourm    .   d - +0 large shield
rNeg     . . .     Faith    .   D - +1 ring mail {MR+}
rPois    +         Spirit   .   (helmet restricted)
rElec    .         Reflect  .   N - +2 cloak
rCorr    +         Harm     .   C - +2 pair of gloves
MR       +....                  (no boots)
Stlth    ++........             (no amulet)
HPRegen  0.24/turn              M - +5 ring of strength
MPRegen  0.12/turn              q - ring of poison resistance

@: corroded, berserk cooldown, very slightly contaminated, slowed, drained, very
slow
A: antennae 1, yellow scales 3, demonic guardian 1, spiny 2
a: Berserk, Trog's Hand, Brothers in Arms, Burn Spellbooks, Renounce Religion


You were on level 11 of the Dungeon.
You worshipped Trog.
Trog was greatly pleased with you.
You were near starving.

You visited 1 branch of the dungeon, and saw 11 of its levels.

You collected 595 gold pieces.

Inventory:

Hand Weapons
 a - a +0 falchion
 n - a +5 dagger
 w - a +5 falchion of protection
 E - a +2 double sword of electrocution (weapon)
Armour
 d - a +0 large shield (worn)
 C - a +2 pair of gloves (worn)
 D - a +1 ring mail of magic resistance (worn)
 N - a +2 cloak (worn)
Jewellery
 e - an uncursed ring of magical power
 q - a ring of poison resistance (right hand)
 F - an uncursed ring of fire
 M - a +5 ring of strength (left hand)
Wands
 i - a wand of iceblast (21)
 H - a wand of flame (48)
 I - a wand of polymorph (19)
 J - a wand of enslavement (32)
Scrolls
 f - a scroll of enchant armour
 j - 2 scrolls of magic mapping
 l - 4 scrolls of teleportation
 m - 2 scrolls of fog
 p - 2 scrolls of remove curse
 r - a scroll of blinking
 y - a scroll of enchant weapon
 A - a scroll of fear
 L - a scroll of identify
 O - a scroll of torment {unknown}
Potions
 b - 6 potions of might
 g - 2 potions of agility
 h - 4 potions of heal wounds
 k - 6 potions of curing
 o - 2 potions of lignification {unknown}
 s - a potion of ambrosia {unknown}
 t - a potion of degeneration {unknown}
 u - a potion of invisibility {unknown}
 v - 2 potions of brilliance {unknown}
 x - 3 potions of berserk rage {unknown}
 z - a potion of flight {unknown}
 B - a potion of magic {unknown}
 G - 2 potions of haste
 K - 2 potions of resistance {unknown}
 P - a potion of cancellation {unknown}
Comestibles
 c - 19 rations


   Skills:
 * Level 8.7(8.1) Fighting
 + Level 3.5(6.1) Short Blades
 + Level 9.0(8.7) Long Blades
 * Level 8.5(7.8) Armour
 * Level 7.0(6.3) Dodging
 - Level 3.1(2.5) Stealth
 * Level 3.5(3.0) Shields


You had 10 spell levels left.
You didn't know any spells.

Dungeon Overview and Level Annotations

Branches:
Dungeon (11/15)            Temple (0/1) D:4            Lair (0/6) D:9
    Orc: D:9-12

Altars:
Dithmenos
Elyvilon
Hepliaklqana
Makhleb
Nemelex Xobeh

Shops:
D:6 *


Innate Abilities, Weirdness & Mutations

You have a pair of small antennae on your head.
You are completely covered in yellow scales. (AC +4, rCorr)
A weak demonic guardian rushes to your aid.
You are mostly covered in sharp spines.


Message History

The white imp closely misses your ufetubus.
The iron imp hits your ufetubus but does no damage.
The sun demon hits your ufetubus!!
Your ufetubus dies!
You are no longer berserk.
You are exhausted.
You feel yourself slow down.
The iron imp shouts, "Beg for mercy, thou pandering ill-nurtured scavenger!"
The white imp gestures at you. The puff of frost misses you.
You see here 19 gold pieces.
The kobold demonologist gestures wildly while chanting.
The iron imp spits at you.
There is a transporter here.
You enter the transporter and appear at another place.
You block the sun demon's attack. The sun demon is struck by your spines.
The sun demon hits you!!
* * * LOW HITPOINT WARNING * * *
You are engulfed in flames!!
You die...

## .[.....##.#.#
#............ #
######.)##.#.#
############. #
#################.
#................. # #
#.###############. #.#.
#.#8≈#o5KooKK#P8#.
#...###.#P.#5≈≈≈≈≈≈#.P#.
#......#$(#55≈≈≈..#..#.
#..#..@#§}4555⌠≈..'.©#©
##.3#$.#5.≈P≈..#..#.
##.#P.#≈≈≈≈≈≈≈#.P#.
#.#8≈#oo5KK..#P8#.
#.###############.
#.................
##################


You could see a sun demon, a kobold demonologist, a chaos spawn, 2 iron imps, 3
orc priests, 2 quasits, 2 white imps, a shadow imp and 2 ufetubi.

Vanquished Creatures
  2 two-headed ogres
  Nergalle (D:10)
  Urug (D:10)
  3 skeletal warriors (D:11)
  The ghost of Anonimus the Shield-Bearer, a novice GnFi of Okawaru (D:5)
  A hornet (D:8)
  A hippogriff (D:9)
  Sigmund (D:6)
  4 yaks (D:10)
  A spriggan (D:11)
  Eustachio (D:4)
  Grum (D:10)
  The ghost of letownia2 the Poker, an amateur MfSk of Cheibriados (D:4)
  2 porcupines (D:9)
  A water moccasin (D:5)
  3 ice beasts
  A hornet zombie (D:9)
  2 sky beasts
  2 black bears (D:9)
  An orc warrior (D:10)
  A phantom (D:8)
  A necrophage (D:6)
  The ghost of Mirai the Skirmisher, an amateur DsFi (D:3)
  4 ogres
  4 wolves (D:10)
  2 centaurs
  A crocodile (D:9)
  2 big kobolds
  6 bullfrogs
  3 scorpions
  6 killer bees
  4 howler monkeys
  9 crimson imps
  3 bullfrog zombies
  2 jellies
  3 orc priests
  2 bullfrog skeletons
  A centaur skeleton (D:8)
  4 hounds
  An iguana (D:7)
  10 orc wizards
  8 worker ants
  2 hound skeletons
  2 gnolls (D:5)
  13 adders
  2 shadow imps (D:8)
  An ooze (D:2)
  An adder zombie (D:5)
  5 worms
  A dart slug (D:1)
  10 leopard geckos
  45 orcs
  6 giant cockroaches
  11 goblins
  8 hobgoblins
  15 jackals
  24 kobolds
  A quokka (D:5)
  3 bats
  3 frilled lizards (D:2)
  A leopard gecko skeleton (D:4)
  A quokka zombie (D:5)
  4 rats
  2 fungi (D:9)
270 creatures vanquished.

Vanquished Creatures (collateral kills)
  2 centaurs (D:9)
  A bullfrog (D:9)
  A killer bee (D:8)
  4 gnolls
  An orc (D:10)
  2 kobolds (D:8)
11 creatures vanquished.

Vanquished Creatures (others)
  A plant (D:9)
1 creature vanquished.

Grand Total: 282 creatures vanquished

Notes
Turn   | Place    | Note
-------+----------+-------------------------------------------
     0 | D:1      | troglodite the Demonspawn Berserker began the quest for the Orb.
     0 | D:1      | Reached XP level 1. HP: 18/18 MP: 1/1
   125 | D:1      | Gained mutation: You are partially covered in yellow scales. (AC +2) [demonic ancestry]
   125 | D:1      | Reached XP level 2. HP: 24/24 MP: 2/2
   904 | D:2      | Reached XP level 3. HP: 29/29 MP: 3/3
   999 | D:2      | Reached ** piety under Trog
  1000 | D:2      | Reached skill level 3 in Long Blades
  1148 | D:2      | Gained mutation: You are mostly covered in yellow scales. (AC +3) [demonic ancestry]
  1148 | D:2      | Reached XP level 4. HP: 33/37 MP: 4/4
  1539 | D:3      | Found a sparkling altar of Nemelex Xobeh.
  1730 | D:3      | Noticed Mirai's ghost (amateur DsFi)
  1744 | D:3      | Killed Mirai's ghost
  1744 | D:3      | Gained mutation: You are partially covered in sharp spines. [demonic ancestry]
  1744 | D:3      | Reached XP level 5. HP: 42/42 MP: 5/5
  2185 | D:4      | Reached skill level 1 in Short Blades
  2275 | D:4      | Noticed letownia2's ghost (amateur MfSk)
  2297 | D:4      | Gained mutation: You are mostly covered in sharp spines. [demonic ancestry]
  2297 | D:4      | Reached XP level 6. HP: 49/49 MP: 6/6
  2463 | D:4      | Killed letownia2's ghost
  2515 | D:4      | Noticed Eustachio
  2542 | D:4      | Killed Eustachio
  2542 | D:4      | Gained mutation: A weak demonic guardian rushes to your aid. [demonic ancestry]
  2542 | D:4      | Reached XP level 7. HP: 55/55 MP: 7/7
  2555 | D:4      | Reached *** piety under Trog
  2810 | D:4      | Found a staircase to the Ecumenical Temple.
  2871 | D:4      | Reached skill level 5 in Fighting
  2901 | D:5      | Entered Level 5 of the Dungeon
  2935 | D:5      | Noticed Anonimus's ghost (novice GnFi)
  2948 | D:5      | Killed Anonimus's ghost
  2948 | D:5      | Reached skill level 5 in Armour
  2948 | D:5      | Reached skill level 1 in Stealth
  2948 | D:5      | Reached XP level 8. HP: 63/63 MP: 8/8
  3330 | D:5      | Reached skill level 4 in Long Blades
  3337 | D:5      | Found a burning altar of Makhleb.
  3598 | D:5      | Reached **** piety under Trog
  3635 | D:5      | Found a white marble altar of Elyvilon.
  3951 | D:6      | Reached skill level 5 in Long Blades
  3968 | D:6      | Noticed Sigmund
  3974 | D:6      | Killed Sigmund
  3974 | D:6      | Gained mutation: You have a pair of small antennae on your head. [demonic ancestry]
  3974 | D:6      | Reached XP level 9. HP: 69/69 MP: 9/9
  3987 | D:6      | Found Jemeegiq's Assorted Antiques.
  4082 | D:6      | You fall through a shaft for 3 floors!
  4269 | D:9      | Received a gift from Trog
  4369 | D:8      | Reached skill level 6 in Long Blades
  5012 | D:6      | Reached skill level 5 in Dodging
  5354 | D:7      | Found a hazy altar of Hepliaklqana.
  5781 | D:8      | Reached ***** piety under Trog
  5950 | D:8      | Reached skill level 7 in Long Blades
  5978 | D:8      | Found a shadowy altar of Dithmenos.
  6015 | D:8      | Noticed a two-headed ogre
  6027 | D:8      | Killed a two-headed ogre
  6027 | D:8      | Gained mutation: You are completely covered in yellow scales. (AC +4, rCorr) [demonic ancestry]
  6027 | D:8      | Reached XP level 10. HP: 49/79 MP: 10/10
  6610 | D:8      | Received a gift from Trog
  6680 | D:9      | Got an ichor-stained whip
  6681 | D:9      | Identified the cursed +0 whip of Past Mistakes {pain, rElec rF+ rC+ Dex-4} (You found it on level 9 of the Dungeon)
  6831 | D:9      | Noticed a two-headed ogre
  6843 | D:9      | Killed a two-headed ogre
  6917 | D:9      | Reached skill level 8 in Long Blades
  7334 | D:9      | Found a staircase to the Lair.
  7811 | D:10     | Entered Level 10 of the Dungeon
  7819 | D:10     | Noticed Grum
  7903 | D:10     | Killed Grum
  7907 | D:10     | Reached skill level 1 in Shields
  7938 | D:10     | Noticed Nergalle
  7971 | D:10     | Killed Nergalle
  8205 | D:10     | Reached XP level 11. HP: 86/86 MP: 11/11
  8745 | D:10     | Noticed Urug
  8763 | D:10     | Killed Urug
  9221 | D:11     | Noticed a skeletal warrior
  9224 | D:11     | Noticed a skeletal warrior
  9228 | D:11     | Killed a skeletal warrior
  9235 | D:11     | Killed a skeletal warrior
  9271 | D:11     | Noticed a skeletal warrior
  9288 | D:11     | Killed a skeletal warrior
  9288 | D:11     | Reached skill level 9 in Long Blades
  9618 | D:11     | Found a transporter.
  9619 | D:11     | Noticed an orc sorcerer
  9638 | D:11     | Found a transporter.
  9652 | D:11     | Noticed an orc high priest
  9697 | D:11     | Noticed a sun demon
  9704 | D:11     | Noticed a sun demon
  9714 | D:11     | Mangled by a sun demon

Skill      XL: |  1  2  3  4  5  6  7  8  9 10 11 |
---------------+----------------------------------+-----
Dodging        | 2 3 4 5 6 7 |  7.0
Armour         | 2 3 4 5 6 7 8 |  8.5
Long Blades    | 3 5 7 8 9 |  9.0
Fighting       | 4 5 6 7 8 |  8.7
Short Blades   | 1 2 3 |  3.5
Stealth        | 1 2 3 |  3.1
Shields        | 1 3 |  3.5

Action                   |  1- 3 |  4- 6 |  7- 9 | 10-12 || total
-------------------------+-------+-------+-------+-------++-------
Melee: Falchion          |    89 |       |   343 |   230 ||   662
       Dagger            |    25 |   117 |    12 |       ||   154
       Double sword      |       |       |       |    53 ||    53
Invok: Berserk           |     1 |     4 |    10 |    11 ||    26
       Burn Spellbooks   |       |       |     2 |     1 ||     3
       Brothers in Arms  |       |       |     1 |     2 ||     3
  Use: Scroll            |       |       |     6 |    17 ||    23
 Stab: Distracted        |       |       |     2 |     1 ||     3
       Sleeping          |       |       |     3 |       ||     3
  Eat: Chunk             |     2 |     7 |    22 |    11 ||    42
       Ration            |       |       |       |     3 ||     3
Armor: Animal skin       |     8 |       |       |       ||     8
       Chain mail        |    58 |    46 |    70 |       ||   174
       Ring mail         |       |       |    81 |   103 ||   184
Dodge: Dodged            |    77 |    31 |   193 |    87 ||   388
Block: Large shield      |       |       |       |   107 ||   107
       Rpst.: Falchion   |    22 |       |    60 |    26 ||   108
